Ikachan, neutral female sylph Priestess ----- --------- |<..--- ------.......-- ------- --------------- |.....---|.........--..| |...@.| ------- |.............| --..|....|.---------|..| |.(_..| |>...(| -.---|--.----|| ---|.........| ---- |.....| ------ .-....|--- ..|...|-.|.-..| ----.|.)..|--- ----- ---E--- |..-.| # ---..|..---|..|--|-..--|..| -----..|..----...-- |f| |..|.|# ---|-.....-|--........--|| ------ |..|..).|.....---- |d| |..|..-----...)..--................| |....| --...............---%-- ---|.-........... ..--------|--..-- |....| |......---........%..----- ..|..||...{... |.........|..-- ---|-- ----....|------...............|..||-...... |.!(.*.)).|...| ------.---...-|...-|..|..|-...-.......-|.|---|...|.... -----------...| |..|-.........|..--|..|..|--[....---...|.--..|..---...- |.......-- |..-...............-.---.-----..- -....|..........--... |.------- -----.....{....----.....[.........|..........---...|...- |.|...| |..............- --|--.---------. ...`...--..|........| |.|...|----- ||-----.........| |...|.|.((.| ......------...|....|------ |.--|-|....| |...| --..------- |...|.+.(((| -...--- -..|...--.....---.[...+..-+| |...| ---- -----|.(((| --- -.....----.....{......(| ----- ------ ------ --------------- Ikachan the Adept Experience level: 8 Strength: 13 Dexterity: 15 Constitution: 15 Intelligence: 19 Wisdom: 9 Charisma: 11 Health: 0(66) Energy: 80(80) Def: 6 Gold: 97 Moves: 7662 Dungeon seed: NAtez9c9UN5TkSZO Game ID: Ikachan_1474756277 Your Inventory: Coins $ - 97 gold pieces Weapons a - a blessed +1 mace (weapon in hand) D - a blessed +2 dart K - 14 uncursed +0 darts Armor e - an uncursed +0 robe (being worn) m - an uncursed +0 mummy wrapping n - an uncursed +0 small shield (being worn) o - an uncursed +0 mummy wrapping N - an uncursed +0 mummy wrapping Y - an uncursed +0 mummy wrapping Scrolls g - an uncursed scroll of confuse monster x - a cursed scroll of blank paper y - an uncursed scroll of destroy armor B - 2 uncursed scrolls of punishment C - an uncursed scroll of enchant weapon I - 2 uncursed scrolls of teleportation P - 2 uncursed scrolls of light V - an uncursed scroll of gold detection Potions b - 3 potions of holy water j - 2 uncursed potions of gain energy u - 2 uncursed potions of water Q - a blessed potion of gain ability R - an uncursed potion of hallucination Z - an uncursed potion of levitation Rings l - an uncursed ring of levitation Wands f - an uncursed wand of cancellation (0:0) w - an uncursed wand of digging (0:0) W - a blessed wand of teleportation (0:0) Tools v - 3 uncursed partly used wax candles (0:391) H - an uncursed tin whistle J - an uncursed +0 unicorn horn S - an uncursed skeleton key U - a blessed oil lamp (0:1258) X - an uncursed brass lantern (0:1249) Gems q - an uncursed worthless piece of violet glass r - an uncursed worthless piece of green glass z - an uncursed worthless piece of yellow glass Spells and supernatural/magical abilities: Name Level Category Fail Memory d - dig 2 matter 10% 80% h - healing 1 healing 0% 62% j - jumping 1 escape 0% 80% k - knock 1 matter 0% 92% n - detect monsters 1 divination 0% 62% p - protection 1 clerical 0% 62% r - remove curse 3 clerical 0% 82% s - slow monster 1 enchantment 0% 80% v - clairvoyance 3 divination 55% 80% E - detect food 2 divination 10% 91% G - detect treasure 4 divination 89% 92% W - pray for help -- divine ? -- X - turn undead -- divine ? -- Your skills at the end: Miscellaneous Skills shield [Basic] wands [Basic] stealth [Skilled] Weapon Skills mace [Expert] Spellcasting Skills clerical spells [Basic] Final Attributes: You were piously aligned. Your writing hand was cramped from overuse. You saw invisible. You had infravision. You were displaced. You were very stealthy. You were protected. You were protected from shape changers. You are dead. Vanquished creatures: 2 vampire lords a stalker a quantum mechanic an ettin mummy 2 ettin zombies a giant beetle 2 wolves a scorpion an ice vortex a vampire bat a gnome king an orc mummy a housecat a white unicorn a dust vortex 2 gnome mummies a human zombie 2 soldier ants 2 yellow lights an imp a quasit a rock piercer a pony a shrieker 8 gnome lords 3 gnomish wizards 3 kobold mummies a black naga hatchling 3 elf zombies a straw golem 3 giant ants a floating eye 16 dwarves a kobold lord 3 iguanas 4 giant bats 2 orc zombies 3 dwarf zombies a werejackal a coyote 4 gas spores 7 hobbits a large kobold 3 geckos 3 hobgoblins 6 giant rats a cave spider a yellow mold 35 gnomes 7 jackals a fox a kobold 6 newts a goblin a sewer rat 5 grid bugs 4 lichens 2 kobold zombies 173 creatures vanquished. Voluntary challenges: You had followed a strict vegan diet until turn 3532. You had followed a strict vegetarian diet until turn 5310. You did not cause conflict. You were not invisible. You did not have reflection. You had been an atheist until turn 3526. You used a wielded weapon 251 times, starting on turn 198. You did not apply a unicorn horn. You did not use plumbed fixtures. You read items or engraved 57 times, starting on turn 1947. You never genocided any monsters. You never polymorphed an object. You never changed form. You used no wishes. You never split a pudding. You wrote Elbereth's name 4 times, starting on turn 5501. You violated your moral code, losing 2 points of alignment, starting on turn 5310. You disabled loading bones files. Dungeon overview: The Dungeons of Doom: levels 1 to 5 Level 1 some fountains a long staircase Level 2 stairs to The Gnomish Mines Level 3 Level 4 a delicatessen Level 5 a general store The Gnomish Mines: levels 3 to 11 Level 3 stairs to The Dungeons of Doom Level 4 Level 5 Level 6 <- You were here some shops, a temple to Raijin, a magic chest, some fountains Level 7 Level 8 (master mind flayer (peaceful)) Level 9 Level 10 Level 11 a magic chest, some fountains History has recorded: On T:1 you entered the Dungeons of Doom to retrieve the Amulet of Yendor! On T:557 you reached level 2 of The Dungeons of Doom. On T:845 you reached level 3 of The Dungeons of Doom. On T:875 you advanced to experience level 2. On T:1156 you advanced to experience level 3. On T:1243 you reached level 1 of The Gnomish Mines. On T:1486 you reached level 4 of The Dungeons of Doom. On T:1639 you advanced to experience level 4. On T:1979 you reached level 5 of The Dungeons of Doom. On T:2658 you advanced to experience level 5. On T:2895 you reached level 2 of The Gnomish Mines. On T:3036 you reached level 3 of The Gnomish Mines. On T:3227 you reached level 4 of The Gnomish Mines. On T:3293 you advanced to experience level 6. On T:3522 you entered the Minetown temple On T:3530 you opened a magic chest. On T:4189 you reached level 5 of The Gnomish Mines. On T:4528 you reached level 6 of The Gnomish Mines. On T:4588 you advanced to experience level 7. On T:4712 you reached level 7 of The Gnomish Mines. On T:4840 you reached level 8 of The Gnomish Mines. On T:4967 you reached level 9 of The Gnomish Mines. On T:4967 you reached the bottom of the Mines. On T:5244 you advanced to experience level 8. On T:5374 you prayed to Raijin. On T:6350 you prayed to Raijin. On T:7395 you prayed to Raijin. Score breakdown: Gold: 97 ( 9 points) Experience: 8 levels ( 700 points) Exploration: 11 levels ( 300 points) Discoveries: 36 items ( 1800 points) Variety of kills: 58 monsters ( 2000 points) Major goal: reached Mine's End ( 1000 points) Survival: died (score multiplied by 3) Total score: 17427 Latest messages: This is an identify scroll. g - an uncursed scroll of confuse monster. y - an uncursed scroll of destroy armor. B - 2 uncursed scrolls of punishment. Something is written here in the dust. You read: "El|c cth". Never mind. The golden haze around you becomes less dense. The dagger hits the lynx. Something is written here in the dust. You read: "be?? h". The lynx claws you! (2x) The lynx bites! You hit the lynx! The lynx claws you! (2x) The lynx bites! The lynx claws you! You die... Final status: Goodbye Ikachan the Priestess, killed by a lynx... You died in The Gnomish Mines on dungeon level 6 with 17427 points, and 97 pieces of gold, after 7662 moves. You were level 8 with a maximum of 66 hit points when you died.